 Dungeon Crawl Stone Soup version 0.19-a0-1738-gbb2db12 (webtiles) character file.

7062 Naow the Severer (level 10, -8/117 HPs)
             Began as a Minotaur Berserker on Oct 1, 2016.
             Was an Elder of Trog.
             Mangled by Urug
             ... wielding a +5 battleaxe
              (12 damage)
             ... on level 11 of the Dungeon.
             The game lasted 00:23:26 (10350 turns).

Naow the Severer (Minotaur Berserker)              Turns: 10350, Time: 00:23:28

Health: -8/117     AC:  6    Str: 26    XL:     10   Next: 83%
Magic:  9/9        EV: 10    Int:  7    God:    Trog [****..]
Gold:   540        SH:  0    Dex:  5    Spells: 0 memorised, 9 levels left

rFire  . . .     SeeInvis +     N - +2 battleaxe
rCold  . . .     Gourm    .     o - +0 scale mail
rNeg   . . .     Faith    .     (shield currently unavailable)
rPois  .         Spirit   .     (helmet restricted)
rElec  .         Dismiss  .     (no cloak)
rCorr  .         Reflect  .     (no gloves)
MR     ++...     Harm     .     (no boots)
Stlth  ..........               (no amulet)
                                u - ring of see invisible
                                H - -6 ring of dexterity

@: berserking, lethally poisoned (-8 -> -8), regenerating, very quick
A: retaliatory headbutt, horns 2
a: Berserk, Trog's Hand, Brothers in Arms, Burn Spellbooks, Renounce Religion


You were on level 11 of the Dungeon.
You worshipped Trog.
Trog was greatly pleased with you.
You were hungry.

You visited 1 branch of the dungeon, and saw 11 of its levels.

You collected 540 gold pieces.

Inventory:

Hand Weapons
 a - a +0 hand axe
 N - a +2 battleaxe (weapon)
 O - a cursed +2 dagger
 W - a +3 war axe
Armour
 b - a +0 animal skin
 o - a +0 scale mail (worn)
Jewellery
 q - an uncursed ring of positive energy
 u - a ring of see invisible (right hand)
 H - a -6 ring of dexterity (left hand)
 I - an uncursed ring of positive energy
Wands
 g - a wand of iceblast (2/15)
 C - a wand of acid (9/15)
 F - a wand of lightning (7/15)
 K - a wand of polymorph (5/24)
 L - a wand of polymorph (9/24)
 P - a wand of iceblast (13/15)
 Q - a wand of flame (30/48)
 R - a wand of lightning (11/15)
Scrolls
 d - 2 scrolls of blinking {unknown}
 h - 7 scrolls of teleportation
 k - 7 scrolls of remove curse
 l - 3 scrolls of amnesia {unknown}
 m - 2 scrolls of enchant armour {unknown}
 n - 9 scrolls of identify {unknown}
 r - 2 scrolls of random uselessness {unknown}
 v - 2 scrolls of magic mapping {unknown}
 w - 2 scrolls of fear {unknown}
 x - 5 scrolls of enchant weapon {unknown}
 y - a scroll of noise {unknown}
 G - 2 scrolls of silence {unknown}
 S - 2 scrolls of fog {unknown}
 T - a scroll of immolation {unknown}
Potions
 e - 4 potions of flight {unknown}
 j - 6 potions of curing {unknown}
 p - a potion of invisibility {unknown}
 t - 2 potions of brilliance {unknown}
 z - 3 potions of degeneration {unknown}
 A - a potion of haste {unknown}
 D - 3 potions of heal wounds {unknown}
 E - a potion of might {unknown}
 J - 3 potions of agility {unknown}
 U - a potion of mutation {unknown}
 V - a potion of resistance {unknown}
 X - a potion of cancellation {unknown}
Comestibles
 c - 6 bread rations
 f - 3 beef jerkies
 i - 6 meat rations
 s - a royal jelly
 B - 5 fruits
 M - 3 chunks of flesh


   Skills:
 - Level 4.0 Fighting
 + Level 18.3 Axes
 - Level 2.7 Armour
 - Level 2.5 Dodging


You had 9 spell levels left.
You didn't know any spells.

Dungeon Overview and Level Annotations

Branches:
Dungeon (11/15)            Temple (0/1) D:6
   Lair: D:8-11         Orc: D:9-12

Altars:
Cheibriados
Elyvilon
Gozag
Hepliaklqana
Kikubaaqudgha
Nemelex Xobeh
Okawaru
Trog
Uskayaw
Vehumet

Shops:
D:10 }

Annotations:
D:11 Urug


Innate Abilities, Weirdness & Mutations

You reflexively headbutt those who attack you in melee.
You have a pair of horns on your head.


Message History

You kill the iguana!
Trog accepts your kill.
You slash Urug! You slash the orc!
You kill the orc!
Trog accepts your kill.
You closely miss the crocodile.
The crocodile is lightly wounded.
You miss Urug. You slash the mottled dragon!
You feel sick. The mottled dragon bites you!
* * * LOW HITPOINT WARNING * * *
The mottled dragon claws you but does no damage.
The crocodile completely misses you.
You hit the crocodile.
The crocodile is moderately wounded.
You hit the mottled dragon. You slice the leopard gecko!!
You kill the leopard gecko!
Trog accepts your kill.
You slash Urug!
You feel sick.
Urug hits you with an enchanted battleaxe!
You die...

# ###. ###
#....##.#
...#..D.#
#...t@#
.ll...)o..#
#...#?.......
#..
#.##....... #
## .#.##..
##.. # #. ##


You could see Urug, a crocodile, a mottled dragon, an iguana and a leopard
gecko.

Vanquished Creatures
  The ghost of Zigma the Carver, a novice DrFi of the Shining One (D:9)
  The ghost of Naow the Cleaver, a novice MiBe of Trog (D:7)
  A troll (D:10)
  A two-headed ogre (D:8)
  2 hippogriffs
  Eustachio (D:4)
  Menkaure (D:7)
  A water moccasin (D:6)
  A sky beast (D:9)
  9 ice beasts
  An orc warrior (D:7)
  The ghost of Naow the Chopper, an amateur MiBe of Trog (D:4)
  A phantom (D:10)
  4 ogres
  A necrophage (D:5)
  7 centaurs
  A big kobold (D:10)
  A bullfrog (D:10)
  A wyvern zombie (D:7)
  2 scorpions
  3 killer bees (D:8)
  17 wights
  7 howler monkeys
  2 crimson imps
  3 quasits (D:8)
  A bullfrog zombie (D:9)
  A centaur zombie (D:7)
  3 orc priests
  2 bullfrog skeletons
  5 hounds
  3 iguanas
  3 orc wizards (D:7)
  3 centaur skeletons
  4 worker ants
  A hound skeleton (D:4)
  A howler monkey zombie (D:10)
  3 gnolls (D:10)
  A howler monkey skeleton (D:6)
  20 adders
  4 shadow imps
  2 oozes
  6 adder zombies
  2 adder skeletons
  4 worms
  3 dart slugs
  9 leopard geckos
  18 orcs
  7 bats
  A bat skeleton (D:2)
  7 giant cockroaches
  8 goblins
  10 hobgoblins
  9 jackals
  6 quokkas
  A ball python (D:5)
  14 frilled lizards
  A jackal zombie (D:2)
  11 kobolds
  A leopard gecko zombie (D:8)
  A quokka skeleton (D:5)
  A quokka zombie (D:5)
  9 rats
257 creatures vanquished.

Notes
Turn   | Place    | Note
-------+----------+-------------------------------------------
     0 | D:1      | Naow the Minotaur Berserker began the quest for the Orb.
     0 | D:1      | Reached XP level 1. HP: 19/19 MP: 0/0
    86 | D:1      | Reached skill level 4 in Axes
    86 | D:1      | Reached XP level 2. HP: 8/27 MP: 1/1
   824 | D:1      | Reached ** piety under Trog
  1063 | D:2      | Reached XP level 3. HP: 32/33 MP: 2/2
  1315 | D:2      | Reached skill level 5 in Axes
  1440 | D:2      | Reached XP level 4. HP: 28/40 MP: 3/3
  1778 | D:2      | Reached skill level 6 in Axes
  1787 | D:2      | Reached *** piety under Trog
  1837 | D:2      | Found a hazy altar of Hepliaklqana.
  2229 | D:3      | Reached XP level 5. HP: 46/46 MP: 4/4
  2236 | D:3      | Found a radiant altar of Vehumet.
  2510 | D:4      | Noticed Eustachio
  2523 | D:4      | Reached skill level 7 in Axes
  2546 | D:4      | Killed Eustachio
  2546 | D:4      | Reached skill level 8 in Axes
  2546 | D:4      | Reached XP level 6. HP: 52/52 MP: 5/5
  2763 | D:4      | Noticed Naow's ghost (amateur MiBe)
  2778 | D:4      | Killed Naow's ghost
  2778 | D:4      | Reached skill level 9 in Axes
  3001 | D:4      | Found a sparkling altar of Nemelex Xobeh.
  3215 | D:4      | Reached XP level 7. HP: 57/59 MP: 6/6
  3359 | D:5      | Entered Level 5 of the Dungeon
  3631 | D:5      | Found a snail-covered altar of Cheibriados.
  3719 | D:5      | Reached skill level 10 in Axes
  4000 | D:5      | Reached skill level 11 in Axes
  4000 | D:5      | Reached XP level 8. HP: 64/66 MP: 7/7
  4817 | D:6      | Found a staircase to the Ecumenical Temple.
  4837 | D:6      | Reached skill level 12 in Axes
  4959 | D:6      | Found a white marble altar of Elyvilon.
  5076 | D:6      | Found a hide-covered altar of Uskayaw.
  5335 | D:7      | Found an opulent altar of Gozag.
  5486 | D:7      | Reached skill level 13 in Axes
  5737 | D:7      | Noticed Naow's ghost (novice MiBe)
  5752 | D:7      | Killed Naow's ghost
  5752 | D:7      | Reached skill level 14 in Axes
  5752 | D:7      | Reached XP level 9. HP: 36/71 MP: 8/8
  5956 | D:7      | Noticed Menkaure
  5964 | D:7      | Killed Menkaure
  6514 | D:7      | Reached skill level 15 in Axes
  6630 | D:7      | Found a bloodstained altar of Trog.
  6990 | D:7      | Found an iron altar of Okawaru.
  7777 | D:8      | Reached skill level 16 in Axes
  7798 | D:8      | Reached **** piety under Trog
  7888 | D:8      | Reached XP level 10. HP: 48/78 MP: 9/9
  8428 | D:9      | Reached skill level 17 in Axes
  8695 | D:9      | Found an ancient bone altar of Kikubaaqudgha.
  8870 | D:9      | Noticed Zigma's ghost (novice DrFi)
  8887 | D:9      | Killed Zigma's ghost
  9320 | D:9      | You fall through a shaft!
  9320 | D:10     | Entered Level 10 of the Dungeon
  9595 | D:10     | Reached skill level 18 in Axes
  9668 | D:10     | Found Mixkycwa's Gadget Shop.
 10342 | D:11     | Noticed Urug
 10349 | D:11     | HP: 5/117 [mottled dragon (7)]
 10350 | D:11     | Mangled by Urug

Vault maps used:
D:1:      minmay_arrival_stair_chambers, solitary_fountain
D:2:      wad_river_or_something, lemuel_crystal_altar, first_bread,
          serial_undead, serial_undead_a, serial_undead_c, serial_undead_d,
          serial_undead_f, minmay_lizard_king
D:3:      fiery_altar_vehumet
D:4:      nemelex_spade_bored_becter, uniq_eustachio
D:5:      lemuel_round_altar
D:6:      lemuel_crystal_altar, nicolae_overflow_crystal_walls
D:7:      bloody_trog, marbit_many_paths, grunt_gozag_breadcrumbs, uniq_menkaure
D:9:      lemuel_round_altar, basic_altar
D:10:     serial_shops, nicolae_shop_crystal
D:11:     erik_lair_dragon, uniq_urug

Skill      XL: |  1  2  3  4  5  6  7  8  9 10 |
---------------+-------------------------------+-----
Axes           | 4 5 6 8 9 11 14 16 18 | 18.3
Fighting       | 4 |  4.0
Armour         | |  2.7
Dodging        | |  2.5

Action                   |  1- 3 |  4- 6 |  7- 9 | 10-12 || total
-------------------------+-------+-------+-------+-------++-------
Melee: Hand axe          |    89 |   124 |   409 |    20 ||   642
       Headbutt          |    13 |    24 |    79 |    21 ||   137
       Battleaxe         |       |       |       |   163 ||   163
Invok: Berserk           |     1 |     2 |     5 |     3 ||    11
       Trog's Hand       |       |     2 |     8 |     7 ||    17
  Use: Scroll            |       |       |       |     2 ||     2
  Eat: Chunk             |     3 |     8 |    20 |    12 ||    43
       Beef jerky        |       |       |     2 |       ||     2
Armor: Animal skin       |    11 |       |       |       ||    11
       Scale mail        |    19 |    60 |   117 |    61 ||   257
Dodge: Dodged            |    41 |    79 |   168 |   102 ||   390
